 Dungeon Crawl Stone Soup version 0.29-a0-520-gc852659d43 (webtiles) character file.

Game seed: 1839695216178771953

44978 ytrimaz the Severer (level 13, 0/128 HPs)
             Began as a Minotaur Berserker on June 1, 2022.
             Was a Priest of Trog.
             Succumbed to Sonja's poison
             ... on level 2 of the Lair of Beasts.
             The game lasted 00:26:53 (18794 turns).

ytrimaz the Severer (Minotaur Berserker)           Turns: 18794, Time: 00:26:53

Health: 0/128      AC: 27    Str: 26    XL:     13   Next: 99%
Magic:  12/12      EV:  9    Int:  4    God:    Trog [***...]
Gold:   930        SH:  0    Dex: 11    Spells: 12/12 levels left

rFire   . . .      SeeInvis .   q - +0 broad axe (flame)
rCold   . . .      Faith    .   (no shield)
rNeg    . . .      Spirit   .   m - +4 plate armour {Will+}
rPois   .          Reflect  .   (helmet restricted)
rElec   .          Harm     .   w - +0 cloak
rCorr   .          Rampage  +   (no gloves)
Will    ++++.                   Y - +1 pair of boots {rampage}
Stlth   ..........              C - amulet of regeneration
HPRegen 2.11/turn               x - +4 ring of slaying
MPRegen 0.13/turn               h - ring of willpower

@: lethally poisoned (0 -> -20), strong-willed, on berserk cooldown,
regenerating, slowed, studying Stealth, very slow
A: horns 2, retaliatory headbutt, iridescent scales 1, no potion heal 1,
inability to read while threatened
a: Renounce Religion, Berserk, Trog's Hand


You were on level 2 of the Lair of Beasts.
You worshipped Trog.
Trog was most pleased with you.
You visited 3 branches of the dungeon, and saw 17 of its levels.
You also visited: Volcano.

You collected 1082 gold pieces.
You spent 152 gold pieces at shops.

Inventory:

Hand Weapons
 a - a +0 hand axe of protection
 q - a +0 broad axe of flaming (weapon)
 W - a +2 battleaxe
Missiles
 M - 9 boomerangs (quivered)
 S - 2 throwing nets
 U - 5 silver javelins
Armour
 m - a +4 plate armour of willpower (worn)
 w - a +0 cloak (worn)
 Y - a +1 pair of boots of rampaging (worn)
Jewellery
 h - a ring of willpower (right hand)
 o - an amulet of reflection
 x - a +4 ring of slaying (left hand)
 C - an amulet of regeneration (around neck)
 O - a +6 ring of intelligence
Wands
 j - a wand of polymorph (10)
 t - a wand of flame (50)
 A - a wand of digging (3)
 K - a wand of paralysis (10)
 R - a wand of iceblast (4)
 T - a wand of acid (4)
Scrolls
 b - a scroll of silence
 c - 6 scrolls of poison
 g - 6 scrolls of teleportation
 k - a scroll of blinking
 r - a scroll of brand weapon
 s - 2 scrolls of fog
 y - 3 scrolls of immolation
 B - a scroll of magic mapping
 F - a scroll of noise
 I - a scroll of vulnerability
 L - a scroll of summoning
 P - 2 scrolls of amnesia
Potions
 d - a potion of attraction {unknown}
 e - a potion of magic {unknown}
 f - 4 potions of haste
 i - a potion of brilliance {unknown}
 l - a potion of invisibility
 n - 4 potions of might
 p - a potion of lignification {unknown}
 u - 2 potions of flight {unknown}
 v - 4 potions of curing
 z - 3 potions of heal wounds {unknown}
 J - 4 potions of cancellation
 X - a potion of resistance {unknown}


   Skills:
 + Level 16.1 Fighting
 - Level 18.0 Axes
 - Level 1.5 Staves
 * Level 2.8 Throwing
 + Level 16.4 Armour
 - Level 2.5 Dodging


You had 12 spell levels left.
You didn't know any spells.
Your spell library was empty.

Dungeon Overview and Level Annotations

Branches:
Dungeon (14/15)            Temple (1/1) D:7            Lair (2/6) D:8
    Orc (0/2) D:9          Vaults (0/5) D:13        Volcano (visited)
  Swamp: Lair:2-4    Shoals: Lair:2-4     Snake: Lair:2-4    Spider: Lair:2-4

Altars:
Ashenzari
Cheibriados
Dithmenos
Elyvilon
Fedhas
Gozag
Hepliaklqana
Kikubaaqudgha
Nemelex Xobeh
Okawaru
Qazlal
Ru
Sif Muna
Trog
Uskayaw
Vehumet
Wu Jian
Xom
Yredelemnul
Zin
The Shining One
Beogh

Shops:
D:10 *   D:11 *

Annotations:
D:12 2 runed translucent doors


Innate Abilities, Weirdness & Mutations

You have a pair of horns on your head.
You reflexively headbutt those who attack you in melee.
You are partially covered in iridescent scales. (AC +2)
Potions are less effective at restoring your health.
You sometimes lose the ability to read scrolls when taking damage.


Message History

You closely miss the yak.
* * * LOW HITPOINT WARNING * * *
You feel extremely sick. Sonja barely misses you.
Sonja hits you but does no damage. x2
You closely miss Sonja.
Sonja is heavily wounded.
You slice the yak!! You burn the yak.
You kill the yak!
Trog accepts your kill.
* * * LOW HITPOINT WARNING * * *
You feel extremely sick. Sonja hits you but does no damage. x2
You are more poisoned.
Sonja hits you but does no damage.
You are more poisoned.
You slice Sonja!! You burn Sonja.
You kill Sonja!
Trog accepts your kill.
Trog appreciates your killing of a magic user.
* * * LOW HITPOINT WARNING * * *
You feel extremely sick.
You slash the yak! You burn the yak.
You kill the yak!
Trog accepts your kill.
* * * LOW HITPOINT WARNING * * *
You feel very sick.
* * * LOW HITPOINT WARNING * * *
You feel extremely sick.
You feel a strong urge to attack something.
* * * LOW HITPOINT WARNING * * *
You feel extremely sick.
Things that are here:
a cane toad corpse; a yak corpse
There is a lethal amount of poison in your body!
* * * LOW HITPOINT WARNING * * *
You feel extremely sick.
You feel your anger nearly subside.
You are no longer berserk.
You are exhausted.
You feel yourself slow down.
You die...

####.###..###### #P.#
#..# ### #..# #..#
###.. #..# ### ....
#...# ##.##.P.#.
#.#######.. ##......(..
.. ##.. #...####.#.
..#.###..# ##...###.#
#.....<.#
#..)#.†#.####.##.####.#
##..#)@........ ###
#..#.....##..
#....#...#
#P...........
##..#..........
#.............
#.......>.....
#P.##....#.... #..
#..#...#..


There were no monsters in sight!

Vanquished Creatures
  Gastronok (D:12)
  The ghost of Doorstop00 the Cleaver, a journeyman MiBe of Trog (D:10)
  Erolcha (D:9)
  3 hydras
  A boulder beetle (D:13)
  2 dancing weapons (D:13)
  5 two-headed ogres
  2 tengu warriors (D:13)
  Erica (Lair:1)
  5 centaur warriors
  3 death yaks (D:8)
  Urug (D:13)
  Nergalle (D:10)
  Sonja (Lair:2)
  Amaemon (D:9)
  2 skeletal warriors (Volcano)
  Pikel (D:6)
  2 anaconda skeletons (Volcano)
  5 ugly things
  A deep elf pyromancer (D:13)
  5 cyclopes
  3 manticores
  Maurice (D:9)
  A cane toad (Lair:2)
  An orange demon (D:9)
  5 gargoyles
  An efreet (D:13)
  2 unseen horrors
  Maggie (D:7)
  3 komodo dragons
  2 tengu conjurers (D:13)
  6 trolls
  Grinder (D:5)
  6 slime creatures (D:13)
  3 blink frogs (Lair:1)
  Sigmund (D:3)
  A vampire (D:12)
  3 flying skulls (Volcano)
  19 yaks
  2 wyverns
  3 basilisks
  A shadow (D:11)
  3 steam dragons
  7 vampire mosquitoes
  Edmund (D:5)
  The ghost of Aneyh the Poker, an amateur TeMo (D:6)
  An acid dragon (D:9)
  2 hell hounds (Lair:1)
  3 water moccasins
  9 orc warriors
  An ice beast (D:6)
  A black bear (D:5)
  An ogre (D:6)
  17 centaurs
  2 kobold brigands
  7 bullfrogs
  4 scorpions
  2 gnoll sergeants
  2 necrophages
  7 wights
  4 killer bees (D:11)
  A troll skeleton (Volcano)
  A spriggan skeleton (Volcano)
  3 howler monkeys (D:7)
  2 jellies (D:6)
  A gnoll shaman (D:5)
  10 orc priests
  Crazy Yiuf (D:4)
  3 hounds
  3 iguanas (D:10)
  Natasha (thrice) (D:2)
  18 orc wizards
  A hell rat (D:8)
  A naga skeleton (Volcano)
  14 gnolls
  6 adders
  A river rat (D:8)
  A shadow imp (D:6)
  3 white imps
  An ufetubus (D:5)
  2 worms
  2 dart slugs
  48 orcs
  9 ball pythons
  3 bats
  11 endoplasms
  5 giant cockroaches
  7 goblins
  4 hobgoblins
  2 quokkas
  5 frilled lizards
  13 kobolds
  6 rats
377 creatures vanquished.

Vanquished Creatures (others)
  A hog (D:12)
  A scorpion (D:6)
  A bullfrog (D:6)
  A hound (D:6)
  An orc priest (D:6)
  An orc wizard (D:9)
  7 plants
  5 toadstools (D:5)
18 creatures vanquished.

Grand Total: 395 creatures vanquished

Notes
Turn   | Place    | Note
-------+----------+-------------------------------------------
     0 | D:1      | ytrimaz the Minotaur Berserker began the quest for the Orb.
     0 | D:1      | Reached XP level 1. HP: 19/19 MP: 0/0
    35 | D:1      | Found a broken altar of Ashenzari.
    44 | D:1      | Reached skill level 4 in Axes
   224 | D:1      | Reached XP level 2. HP: 26/26 MP: 1/1
   569 | D:1      | Reached skill level 5 in Axes
   645 | D:1      | Reached XP level 3. HP: 25/31 MP: 2/2
  1158 | D:2      | Reached ** piety under Trog
  1704 | D:2      | Noticed Natasha
  1715 | D:2      | Killed Natasha
  1716 | D:2      | Reached skill level 6 in Axes
  1716 | D:2      | Reached XP level 4. HP: 17/39 MP: 3/3
  1748 | D:2      | Noticed Natasha
  1759 | D:2      | Killed Natasha
  1903 | D:2      | Noticed Natasha
  1909 | D:2      | Killed Natasha
  1976 | D:2      | Reached XP level 5. HP: 44/45 MP: 4/4
  2297 | D:3      | Reached skill level 7 in Axes
  2710 | D:3      | Noticed Sigmund
  2727 | D:3      | Killed Sigmund
  2728 | D:3      | Reached skill level 8 in Axes
  2728 | D:3      | Reached XP level 6. HP: 42/51 MP: 5/5
  3055 | D:4      | Found a runed translucent door.
  3056 | D:4      | Noticed Crazy Yiuf
  3145 | D:4      | Reached skill level 9 in Axes
  3464 | D:4      | Found a white marble altar of Elyvilon.
  3573 | D:4      | Killed Crazy Yiuf
  3826 | D:5      | Entered Level 5 of the Dungeon
  3977 | D:5      | Reached XP level 7. HP: 57/57 MP: 6/6
  4049 | D:5      | Noticed Edmund
  4052 | D:5      | Reached skill level 10 in Axes
  4061 | D:5      | Killed Edmund
  4283 | D:5      | Noticed Grinder
  4295 | D:5      | Killed Grinder
  4296 | D:5      | Reached skill level 11 in Axes
  4320 | D:5      | Reached XP level 8. HP: 53/64 MP: 7/7
  4474 | D:5      | Reached skill level 12 in Axes
  5336 | D:6      | Noticed Pikel
  5348 | D:6      | Killed Pikel
  5349 | D:6      | Reached skill level 14 in Axes
  5349 | D:6      | Reached skill level 1 in Staves
  5378 | D:6      | Reached XP level 9. HP: 56/71 MP: 8/8
  5540 | D:6      | Found a runed translucent door.
  5540 | D:6      | Noticed Aneyh's ghost (amateur TeMo)
  5561 | D:6      | Reached skill level 5 in Fighting
  6372 | D:6      | Found a shimmering altar of Xom.
  6823 | D:6      | Killed Aneyh's ghost
  6824 | D:6      | Reached skill level 5 in Armour
  7381 | D:7      | Reached XP level 10. HP: 76/90 MP: 9/9
  7491 | D:7      | Found a staircase to the Ecumenical Temple.
  7507 | Temple   | Entered the Ecumenical Temple
  7676 | D:7      | Noticed Maggie
  7681 | D:7      | Killed Maggie
  7681 | D:7      | Reached *** piety under Trog
  8413 | D:8      | Noticed a death yak
  8414 | D:8      | Found a staircase to the Lair.
  8414 | D:8      | Noticed a two-headed ogre
  8414 | D:8      | Noticed a death yak
  8424 | D:8      | Noticed a death yak
  8432 | D:8      | Killed a death yak
  8433 | D:8      | Reached skill level 10 in Fighting
  8439 | D:8      | Killed a two-headed ogre
  8447 | D:8      | Killed a death yak
  8457 | D:8      | Killed a death yak
  8826 | D:8      | Found a radiant altar of Vehumet.
  8826 | D:8      | Found a glowing golden altar of the Shining One.
  9517 | D:9      | Reached skill level 10 in Armour
  9554 | D:9      | Noticed Erolcha
  9559 | D:9      | Killed Erolcha
  9560 | D:9      | Reached XP level 11. HP: 101/104 MP: 10/10
  9853 | D:9      | Noticed Amaemon
  9864 | D:9      | Killed Amaemon
 10003 | D:9      | Noticed a two-headed ogre
 10012 | D:9      | Killed a two-headed ogre
 10012 | D:9      | Reached **** piety under Trog
 10014 | D:9      | Found a staircase to the Orcish Mines.
 10377 | D:9      | Noticed Maurice
 10397 | D:9      | Killed Maurice
 10629 | D:10     | Entered Level 10 of the Dungeon
 10857 | D:10     | Found an ancient bone altar of Kikubaaqudgha.
 10935 | D:10     | Reached skill level 15 in Axes
 11395 | D:10     | Found a stormy altar of Qazlal.
 11690 | D:10     | Noticed Nergalle
 11699 | D:10     | Killed Nergalle
 11716 | D:10     | Found Toenuy's Assorted Antiques.
 11722 | D:10     | Bought a scroll labelled VIGGYICHEO for 37 gold pieces
 11722 | D:10     | Bought a scroll labelled IKAMMO ZEUXT for 37 gold pieces
 11847 | D:10     | Found a runed translucent gate.
 11847 | D:10     | Noticed Doorstop00's ghost (journeyman MiBe)
 11848 | D:10     | Found a runed translucent gate.
 11849 | D:10     | Found a runed translucent gate.
 11865 | D:10     | Gained mutation: You sometimes lose the ability to read
                  | scrolls when taking damage. [potion of mutation]
 11865 | D:10     | Gained mutation: Potions are less effective at restoring
                  | your health. [potion of mutation]
 11865 | D:10     | Gained mutation: You are partially covered in iridescent
                  | scales. (AC +2) [potion of mutation]
 11889 | D:10     | Killed Doorstop00's ghost
 12150 | D:10     | Noticed a two-headed ogre
 12157 | D:10     | Killed a two-headed ogre
 12158 | D:10     | Reached XP level 12. HP: 80/115 MP: 11/11
 12402 | D:11     | Found Miawett's Assorted Antiques.
 12405 | D:11     | Bought a scroll of identify for 78 gold pieces
 12628 | D:11     | Reached skill level 16 in Axes
 13278 | D:11     | Noticed a two-headed ogre
 13285 | D:11     | Killed a two-headed ogre
 13910 | D:12     | Noticed a two-headed ogre
 13915 | D:12     | Killed a two-headed ogre
 13929 | D:12     | Noticed Gastronok
 13948 | D:12     | Killed Gastronok
 13949 | D:12     | Reached skill level 17 in Axes
 14468 | D:12     | Found a large runed translucent door.
 14468 | D:12     | Found a large runed translucent door.
 14505 | D:12     | Reached skill level 18 in Axes
 14605 | D:12     | You fall into a shaft and drop 1 floor!
 14615 | D:13     | Noticed a four-headed hydra
 14620 | D:13     | Killed a two-headed hydra
 15340 | D:13     | Noticed Urug
 15345 | D:13     | Killed Urug
 15422 | D:13     | Noticed a centaur warrior
 15428 | D:13     | Killed a centaur warrior
 15444 | D:13     | Noticed a centaur warrior
 15458 | D:13     | Killed a centaur warrior
 15471 | D:13     | Noticed a four-headed hydra
 15472 | D:13     | Noticed a centaur warrior
 15482 | D:13     | Noticed a tengu warrior
 15631 | D:13     | Killed a centaur warrior
 15638 | D:13     | Reached XP level 13. HP: 124/124 MP: 12/12
 16805 | D:13     | Found a gate to the Vaults.
 16923 | D:13     | Reached skill level 15 in Armour
 17013 | D:13     | Identified the +1 scale mail of Least Resistance {rF+}
 17340 | D:14     | Reached skill level 15 in Fighting
 17692 | Lair:1   | Entered Level 1 of the Lair of Beasts
 17896 | Lair:1   | Found a dark tunnel.
 17908 | Volcano  | Entered a volcano
 17996 | Volcano  | Reached skill level 1 in Throwing
 18194 | Lair:1   | Noticed Erica
 18204 | Lair:1   | Killed Erica
 18754 | Lair:2   | Noticed Sonja
 18789 | Lair:2   | Killed Sonja
 18793 | Lair:2   | HP: 8/192 [poisoned by Sonja]
 18794 | Lair:2   | Succumbed to Sonja's poison

Illustrated notes

Levels and vault maps discovered:
D:1:      doesnt_arrival_eight_statues, layout_loops_cross, minmay_hexomino_r4
D:2:      layout_loops_ring, uniq_natasha
D:3:      layout_loops_ring, minivault_24, uniq_sigmund
D:4:      layout_cave_pools, kennysheep_mini, uniq_crazy_yiuf_cottage
D:5:      layout_cave_pools, minmay_gold_behind_fungi, uniq_edmund, uniq_grinder
D:6:      layout_basic, xom_confusion_cloud, nicolae_overflow_hidden_temple,
          ebering_ghost_reflecting_pool, uniq_pikel
D:7:      layout_loops_ring, minmay_temple_entry_ruins, uniq_maggie
D:8:      layout_layer_cave, gammafunk_temple_overflow_statue,
          dpeg_lair_monsters
D:9:      layout_gridville, minmay_orc_entry_temple_small, uniq_amaemon,
          uniq_maurice, uniq_erolcha
D:10:     layout_loops_corners, nicolae_qazlal_scattered_showers,
          general_overflow_altar, serial_shops, shop_fountains,
          biasface_ghost_orc_armoury, minmay_lizard_king, uniq_nergalle
D:11:     layout_layer_cave, serial_shops, nicolae_stop_n_shop_2
D:12:     layout_roguey, lightli_elemental_guards, uniq_kirke, uniq_gastronok
D:13:     minmay_clustersquares, layout_basic, erik_vaults_1, uniq_urug
D:14:     layout_gridville, kennysheep_nub
Temple:   eino_temple_lava
Lair:1:   layout_chaotic_city, enter_volcano_3, uniq_erica
Lair:2:   layout_loops_ring, minmay_swamp_entry_swarm, uniq_sonja

Skill      XL: |  1  2  3  4  5  6  7  8  9 10 11 12 13 |
---------------+----------------------------------------+-----
Axes           | 4 5 6 8 9 11 14 15 18 | 18.0
Staves         | 1 |  1.5
Fighting       | 4 8 11 13 14 16 | 16.1
Armour         | 6 10 12 13 16 | 16.4
Throwing       | 2 |  2.8
Dodging        | |  2.5

Action                   |  1- 3 |  4- 6 |  7- 9 | 10-12 | 13-15 || total
-------------------------+-------+-------+-------+-------+-------++-------
Melee: Hand axe          |    91 |    72 |   181 |   219 |       ||   563
       Headbutt          |    10 |    10 |    40 |   110 |    50 ||   220
       Punch             |     2 |       |     3 |     8 |     1 ||    14
       Broad axe         |       |       |       |   202 |   209 ||   411
Invok: Berserk           |     1 |     4 |     6 |     5 |     3 ||    19
       Trog's Hand       |       |     3 |     6 |    14 |     6 ||    29
  Use: Scroll            |       |     4 |     5 |     9 |     4 ||    22
       Potion            |       |       |       |     5 |     1 ||     6
 Stab: Sleeping          |     1 |     2 |       |       |       ||     3
       Invisible         |       |       |       |    12 |       ||    12
Armor: Animal skin       |    20 |    12 |    13 |       |       ||    45
       Scale mail        |       |       |    28 |     4 |       ||    32
       Robe              |       |       |    17 |       |       ||    17
       Swamp dragon scal |       |       |       |    82 |       ||    82
       Plate armour      |       |       |       |   154 |   248 ||   402
Dodge: Dodged            |    45 |    38 |    95 |   181 |    93 ||   452

Table legend: (Time is in decaauts)
 A = Elapsed time spent in this place.
 B = Non-inter-level travel time spent in this place.
 C = Inter-level travel time spent in this place.
 D = Time resting spent in this place.
 E = Time spent auto-exploring this place.
 F = Levels seen in this place.
 G = Mean time per level.
                   A        B        C        D        E       F      G
               +--------+--------+--------+--------+--------+-----+--------+
         Total |  18720 |  18078 |    642 |   2072 |  13151 |  18 | 1040.0 |
       Dungeon |  17574 |  16959 |    615 |   2030 |  12419 |  14 | 1255.3 |
        Temple |     77 |     77 |      0 |      0 |     60 |   1 |   77.0 |
          Lair |    807 |    780 |     27 |      0 |    658 |   2 |  403.5 |
       Volcano |    261 |    261 |      0 |     42 |     14 |   1 |  261.0 |
               +--------+--------+--------+--------+--------+-----+--------+

Top non-repeatable levels by time:
    D:13: 2361 daAuts
     D:6: 2101 daAuts
    D:10: 1773 daAuts
     D:8: 1504 daAuts
    D:11: 1397 daAuts
     D:2: 1394 daAuts
    D:12: 1390 daAuts
     D:9: 1195 daAuts
     D:4: 972 daAuts
     D:1: 929 daAuts
     D:7: 922 daAuts
     D:5: 901 daAuts
     D:3: 703 daAuts
  Lair:1: 698 daAuts
 Volcano: 261 daAuts
